 Dungeon Crawl Stone Soup version 0.27.1 (webtiles) character file.

Game seed: 8269925431139167313

418 Kala the Digger (level 6, 0/34 HPs)
             Began as a Gargoyle Earth Elementalist on Aug 31, 2021.
             Slain by a gnoll (11 damage)
             ... on level 3 of the Dungeon.
             The game lasted 00:27:29 (3704 turns).

Kala the Digger (Gargoyle Earth Elementalist)       Turns: 3704, Time: 00:27:30

Health: 0/34       AC:  9    Str: 13    XL:     6   Next: 93%
Magic:  0/11       EV: 11    Int: 16    God:
Gold:   104        SH:  0    Dex: 10    Spells: 8/12 levels left

rFire    . . .     SeeInvis .   b - +0 whip
rCold    . . .     Faith    .   (no shield)
rNeg     + . .     Spirit   .   j - +1 robe {Archmagi}
rPois    ∞         Reflect  .   h - +0 helmet
rElec    +         Harm     .   (no cloak)
rCorr    .         Rampage  .   (no gloves)
Will     .....     Archmagi +   i - +0 pair of boots
Stlth    ++........             (no amulet)
HPRegen  0.11/turn              (no ring)
MPRegen  0.12/turn              (no ring)

@: no status effects
A: sickness immunity, AC +4, negative energy resistance 1, electricity
resistance, torment resistance 1, petrification resistance
a: no special abilities


You were on level 3 of the Dungeon.
You visited 1 branch of the dungeon, and saw 3 of its levels.

You collected 104 gold pieces.

Inventory:

Hand Weapons
 b - a +0 whip (weapon)
Missiles
 c - 153 stones
Armour
 g - a +0 ring mail
 h - a +0 helmet (worn)
 i - a +0 pair of boots (worn)
 j - a +1 robe of the Archmagi (worn)
Wands
 e - a wand of polymorph (9)
Potions
 a - a potion of ambrosia {unknown}
 d - 3 potions of berserk rage
 f - 3 potions of curing
 k - a potion of brilliance {unknown}


   Skills:
 + Level 1.3 Fighting
 - Level 1.4 Maces & Flails
 * Level 2.3 Armour
 - Level 1.5 Dodging
 + Level 2.3 Stealth
 * Level 2.7 Shields
 + Level 3.6 Spellcasting
 * Level 2.2 Conjurations
 - Level 0.7 Transmutations
 + Level 5.2 Earth Magic


You had 8 spell levels left.
You knew the following spells:

 Your Spells              Type           Power      Damage    Failure   Level
a - Sandblast             Erth           58%        2d13      1%          1
b - Stone Arrow           Conj/Erth      44%        3d9       12%         3

Your spell library contained the following spells:

 Spells                   Type           Power      Damage    Failure   Level
 Passwall                 Tmut/Erth      15%        N/A       8%          2
 Petrify                  Tmut/Erth      18%        N/A       45%         4
 Conjure Ball Lightning   Conj/Air       4%         3x3d6     100%        6
 Discord                  Hex            2%         N/A       100%        8
 Disjunction              Tloc           2%         N/A       100%        8


Dungeon Overview and Level Annotations

Branches:
Dungeon (3/15)

Altars:


Innate Abilities, Weirdness & Mutations

You are immune to sickness and miasma.
Your stone body is resilient. (AC +4)
You are immune to poison.
You resist negative energy. (rN+)
You are resistant to electric shocks. (rElec)
You are resistant to unholy torment.
You are immune to petrification.


Message History

The blast of sand hits the gnoll.
The gnoll is severely wounded.
The gnoll hits you from afar with a +0 spear.
The gnoll hits you but does no damage.
Aiming: Sandblast (safe; 2% risk of failure)
Press: ? - help, Q - select action, (/) - cycle Shift-Dir - straight line, f/p - gnoll
Aim: a gnoll, wielding a +0 spear (severely wounded, 83% to hit)
You feel a surge of power!
The blast of sand hits the gnoll!!
You kill the gnoll!
The kobold closely misses you. The gnoll hits you but does no damage.
Aiming: Sandblast (safe; 1% risk of failure)
Press: ? - help, Q - select action, (/) - cycle Shift-Dir - straight line, f - kobold
Aim: a kobold, wielding a +0 club (76% to hit)
You feel a surge of power!
The blast of sand hits the kobold!!
You kill the kobold!
The kobold misses you. The gnoll barely misses you.
The gnoll hits you but does no damage.
Aiming: Sandblast (safe; 1% risk of failure)
Press: ? - help, Q - select action, (/) - cycle Shift-Dir - straight line, f - kobold
Aim: a kobold, wielding a +0 short sword and quivering stones (76% to hit)
You feel a surge of power!
The blast of sand hits the kobold.
You kill the kobold!
The gnoll barely misses you. x2
Aiming: Sandblast (safe; 1% risk of failure)
Press: ? - help, Q - select action, (/) - cycle Shift-Dir - straight line, f - gnoll
Aim: a gnoll, wielding a +0 spear (83% to hit)
You feel a surge of power!
The blast of sand hits the gnoll!
The gnoll is severely wounded.
The gnoll hits you but does no damage. x2
Your magical contamination has completely faded away.
The gnoll closely misses you. The gnoll hits you with a +0 spear.
There is an open door here.
Items here: (( )) ††.
You barely miss the gnoll.
The gnoll is severely wounded.
The gnoll hits you with a +0 halberd. The gnoll hits you with a +0 spear.
You barely miss the gnoll.
The gnoll is severely wounded.
The gnoll hits you with a +0 halberd!
You die...

.≈≈≈≈≈≈≈≈ .≈≈≈≈≈≈≈≈ ≈≈≈≈≈≈≈≈≈
##### ###############
########...# #.......#.....##
##......#...#
#...).))'......###.......#...#
#########.......#........##'##
.#.......)......#).......)..#
.)).............@g).....))..#
.#).....)......)#g.....))...#
#########.......#........##'#
#......))......###.....).#$$$#
#.......#.....## ##......#Kg$#
############### ########gg$#
#####


You could see 2 gnolls.

Vanquished Creatures
  Sigmund (D:2)
  Jessica (D:3)
  Robin (D:2)
  10 gnolls (D:3)
  3 adders
  A worm (D:2)
  5 ball pythons
  2 endoplasms
  3 giant cockroaches (D:1)
  29 goblins
  14 hobgoblins
  5 quokkas
  6 bats
  6 frilled lizards
  11 kobolds
  4 rats
102 creatures vanquished.

Notes
Turn   | Place    | Note
-------+----------+-------------------------------------------
     0 | D:1      | Kala the Gargoyle Earth Elementalist began the quest for
                  | the Orb.
     0 | D:1      | Reached XP level 1. HP: 10/10 MP: 3/3
   152 | D:1      | Found a faded altar of an unknown god.
   157 | D:1      | Reached XP level 2. HP: 15/15 MP: 1/5
   390 | D:1      | Reached skill level 1 in Shields
  1438 | D:2      | Reached skill level 4 in Earth Magic
  1536 | D:2      | Reached XP level 3. HP: 19/19 MP: 4/6
  1540 | D:2      | Learned a level 3 spell: Stone Arrow
  1786 | D:2      | Noticed Robin
  1790 | D:2      | Killed Robin
  1796 | D:2      | Reached skill level 1 in Maces & Flails
  1824 | D:2      | Reached XP level 4. HP: 24/24 MP: 0/7
  2120 | D:2      | Reached skill level 1 in Fighting
  2120 | D:2      | Reached skill level 1 in Armour
  2120 | D:2      | Reached skill level 1 in Conjurations
  2264 | D:2      | Noticed Sigmund
  2498 | D:2      | Killed Sigmund
  2499 | D:2      | Reached XP level 5. HP: 4/29 MP: 0/9
  2499 | D:2      | Reached XP level 6. HP: 4/34 MP: 0/10
  2930 | D:3      | Noticed Jessica
  2931 | D:3      | Killed Jessica
  3573 | D:3      | Reached skill level 5 in Earth Magic
  3704 | D:3      | Slain by a gnoll

Illustrated notes

Levels and vault maps discovered:
D:1:      mrwooster_arrival_arrow, layout_basic, shapermc_ecumenical_altar_gd,
          minmay_pentomino_p2
D:2:      layout_loops_cross, uniq_sigmund, uniq_robin
D:3:      minmay_goblin_kobold_castle, layout_loops_cross, uniq_jessica

Skill      XL: |  1  2  3  4  5  6 |
---------------+-------------------+-----
Shields        | 1 2 |  2.7
Earth Magic    | 4 5 |  5.2
Maces & Flails | 1 |  1.4
Fighting       | 1 |  1.3
Armour         | 1 2 |  2.3
Conjurations   | 1 2 |  2.2
Spellcasting   | 3 |  3.6
Dodging        | |  1.5
Stealth        | |  2.3
Transmutations | |  0.7

Action                   |  1- 3 |  4- 6 || total
-------------------------+-------+-------++-------
Melee: Unarmed           |     6 |       ||     6
       Whip              |    20 |    50 ||    70
 Cast: Sandblast         |    43 |    88 ||   131
  Use: Scroll            |     4 |     2 ||     6
 Stab: Sleeping          |     1 |       ||     1
Armor: Robe              |     1 |    18 ||    19
       Leather armour    |     2 |       ||     2
       Ring mail         |     3 |    19 ||    22
Dodge: Dodged            |    19 |    58 ||    77
